[ AOE2 MATCH · #506977885 ]
UnrankedPersians vs Portuguese
[ REPLAY ANALYSIS · EXTRACTED FROM THE RECORDED GAME ]
Feudal
—
Castle
—
Imperial
—
| APM avg | 43.6 |
| APM peak | 69 |
| eAPM avg | 22.7 |
| Villagers / military | 32 / 0 |
Focus
⚔️ 22.3% · 🌾 77.7%
Feudal
—
Castle
—
Imperial
—
| APM avg | 35.5 |
| APM peak | 60 |
| eAPM avg | 17.9 |
| Villagers / military | 26 / 0 |
Focus
⚔️ 21.6% · 🌾 78.4%
Fishing Ship ×3
Feudal
11:38
Castle
—
Imperial
—
| APM avg | 20.5 |
| APM peak | 46 |
| eAPM avg | 8.8 |
| Villagers / military | 27 / 6 |
Focus
⚔️ 26.2% · 🌾 73.8%
Scout Cavalry ×6
Feudal
13:19
Castle
—
Imperial
—
| APM avg | 28.6 |
| APM peak | 81 |
| eAPM avg | 13.4 |
| Villagers / military | 25 / 0 |
Focus
⚔️ 19.4% · 🌾 80.6%
Feudal
—
Castle
—
Imperial
—
| APM avg | 39.3 |
| APM peak | 72 |
| eAPM avg | 15.7 |
| Villagers / military | 29 / 0 |
Focus
⚔️ 36.0% · 🌾 64.0%
Feudal
11:54
Castle
—
Imperial
—
| APM avg | 41.8 |
| APM peak | 83 |
| eAPM avg | 15.1 |
| Villagers / military | 45 / 7 |
Focus
⚔️ 16.9% · 🌾 83.1%
Scout Cavalry ×7
Match map
Initial resources + every placement click. Lines = walls · curves = elevation contours. ◆ gold · ⬟ stone · ● berries · ✦ relic · ◌ wall gap
Your base· Open — unwalled flank
Mousa The GREAT's base· Open — unwalled flank
LMG_Leonardo's base· Open — unwalled flank
genghis bong's base· Open — 9t gap
Rata Preñadora's base· Open — unwalled flank
LMG_HERA DE TEMU's base· Open — 8t gap
Smoothed initial terrain · ◌ = detected wall gap · hover for details
Inputs per minute
— LMG_SON SABANDIJAS - - Mousa The GREAT
Build order — LMG_SON SABANDIJAS
42 actions detected in the replay
| 1:11 | Build | Town Center |
| 2:14 | Build | House |
| 3:21 | Queue | Villager (Male) |
| 3:22 | Queue | Villager (Male) |
| 3:22 | Queue | Villager (Male) |
| 3:22 | Queue | Villager (Male) |
| 3:22 | Queue | Villager (Male) |
| 4:14 | Queue | Villager (Male) |
| 4:14 | Queue | Villager (Male) |
| 4:14 | Queue | Villager (Male) |
| 4:40 | Queue | Villager (Male) |
| 4:41 | Queue | Villager (Male) |
| 5:02 | Build | Lumber Camp |
| 5:08 | Queue | Villager (Male) |
| 5:08 | Queue | Villager (Male) |
| 5:30 | Queue | Villager (Male) |
| 5:30 | Queue | Villager (Male) |
| 5:30 | Queue | Villager (Male) |
| 5:53 | Queue | Villager (Male) |
| 5:53 | Queue | Villager (Male) |
| 6:06 | Queue | Villager (Male) |
| 6:06 | Queue | Villager (Male) |
| 6:14 | Build | House |
| 6:19 | Research | Loom |
| 6:25 | Queue | Villager (Male) |
| 6:25 | Queue | Villager (Male) |
| 6:25 | Queue | Villager (Male) |
| 6:25 | Queue | Villager (Male) |
| 6:38 | Queue | Villager (Male) |
| 6:39 | Queue | Villager (Male) |
| 6:46 | Queue | Villager (Male) |
| 7:15 | Build | House |
| 8:37 | Queue | Villager (Male) |
| 8:37 | Queue | Villager (Male) |
| 9:45 | Build | Town Center |
| 10:50 | Queue | Villager (Male) |
| 10:51 | Queue | Villager (Male) |
| 10:51 | Queue | Villager (Male) |
| 10:51 | Queue | Villager (Male) |
| 10:57 | Build | House |
| 11:03 | Build | Mill |
| 11:32 | Build | House |
Build order — Mousa The GREAT
61 actions detected in the replay
| 0:13 | Build | House |
| 1:24 | Build | Town Center |
| 3:07 | Build | House |
| 3:28 | Queue | Villager (Male) |
| 3:29 | Queue | Villager (Male) |
| 3:29 | Queue | Villager (Male) |
| 3:29 | Queue | Villager (Male) |
| 3:49 | Build | House |
| 3:58 | Build | House |
| 4:20 | Build | House |
| 4:31 | Build | House |
| 5:09 | Queue | Villager (Male) |
| 5:10 | Queue | Villager (Male) |
| 5:28 | Queue | Villager (Male) |
| 5:29 | Queue | Villager (Male) |
| 5:53 | Queue | Villager (Male) |
| 5:54 | Queue | Villager (Male) |
| 6:18 | Queue | Villager (Male) |
| 6:40 | Queue | Villager (Male) |
| 6:40 | Queue | Villager (Male) |
| 7:05 | Build | Mill |
| 7:19 | Queue | Villager (Male) |
| 7:19 | Queue | Villager (Male) |
| 7:46 | Queue | Villager (Male) |
| 7:46 | Queue | Villager (Male) |
| 7:57 | Build | House |
| 8:06 | Queue | Villager (Male) |
| 8:54 | Build | House |
| 9:03 | Build | House |
| 9:05 | Queue | Villager (Male) |
| 9:05 | Queue | Villager (Male) |
| 9:20 | Build | House |
| 9:48 | Research | Loom |
| 9:59 | Queue | Villager (Male) |
| 10:01 | Queue | Villager (Male) |
| 10:40 | Queue | Villager (Male) |
| 10:57 | Queue | Villager (Male) |
| 10:59 | Queue | Villager (Male) |
| 11:11 | Build | House |
| 11:15 | Build | House |
| 12:00 | Build | Dock |
| 12:16 | Build | Lumber Camp |
| 12:28 | Build | Mill |
| 12:53 | Build | Mill |
| 13:05 | Build | House |
| 13:06 | Build | House |
| 13:07 | Queue | Fishing Ship |
| 13:07 | Queue | Fishing Ship |
| 13:29 | Queue | Villager (Male) |
| 14:16 | Queue | Fishing Ship |
| 14:21 | Build | Palisade Wall |
| 14:51 | Build | House |
| 14:53 | Build | House |
| 14:55 | Build | House |
| 15:01 | Build | House |
| 15:07 | Build | House |
| 15:08 | Build | Palisade Wall |
| 15:09 | Build | Palisade Wall |
| 15:11 | Build | Palisade Wall |
| 15:12 | Build | Palisade Wall |
| 16:28 | Build | Lumber Camp |
Build order — LMG_Leonardo
56 actions detected in the replay
| 0:14 | Build | Town Center |
| 0:29 | Build | House |
| 1:39 | Build | House |
| 2:48 | Queue | Villager (Male) |
| 2:48 | Queue | Villager (Male) |
| 2:49 | Queue | Villager (Male) |
| 2:49 | Queue | Villager (Male) |
| 2:49 | Queue | Villager (Male) |
| 3:42 | Queue | Villager (Male) |
| 4:10 | Build | House |
| 4:23 | Build | House |
| 4:26 | Build | House |
| 4:42 | Build | House |
| 4:48 | Queue | Villager (Male) |
| 4:48 | Queue | Villager (Male) |
| 5:00 | Queue | Villager (Male) |
| 5:17 | Build | Lumber Camp |
| 5:47 | Queue | Villager (Male) |
| 5:47 | Queue | Villager (Male) |
| 5:51 | Build | House |
| 5:54 | Build | House |
| 6:01 | Queue | Villager (Male) |
| 6:20 | Queue | Villager (Male) |
| 6:21 | Queue | Villager (Male) |
| 6:21 | Queue | Villager (Male) |
| 7:17 | Queue | Villager (Male) |
| 7:18 | Queue | Villager (Male) |
| 7:18 | Queue | Villager (Male) |
| 8:47 | Research | Loom |
| 8:52 | Build | Mill |
| 9:26 | Research | Feudal Age |
| 10:06 | Build | House |
| 10:21 | Queue | Villager (Male) |
| 10:22 | Queue | Villager (Male) |
| 10:42 | Build | Barracks |
| 11:38 | Age | Feudal Age |
| 12:12 | Build | Stable |
| 12:17 | Queue | Villager (Male) |
| 12:19 | Research | Double-Bit Axe |
| 12:46 | Queue | Villager (Male) |
| 12:56 | Queue | Villager (Male) |
| 12:59 | Queue | Scout Cavalry |
| 12:59 | Queue | Scout Cavalry |
| 13:06 | Build | Stable |
| 13:27 | Queue | Villager (Male) |
| 13:29 | Queue | Villager (Male) |
| 13:50 | Build | Blacksmith |
| 13:51 | Queue | Scout Cavalry |
| 13:52 | Queue | Scout Cavalry |
| 14:12 | Queue | Villager (Male) |
| 14:13 | Queue | Villager (Male) |
| 14:14 | Queue | Scout Cavalry |
| 14:15 | Queue | Scout Cavalry |
| 14:19 | Build | House |
| 14:21 | Build | House |
| 14:24 | Build | House |
Build order — genghis bong
47 actions detected in the replay
| 0:06 | Build | Town Center |
| 2:14 | Build | House |
| 2:17 | Build | House |
| 2:30 | Research | Loom |
| 2:31 | Queue | Villager (Male) |
| 2:31 | Queue | Villager (Male) ×3 |
| 4:05 | Queue | Villager (Male) |
| 4:29 | Queue | Villager (Male) |
| 4:41 | Queue | Villager (Male) |
| 5:26 | Build | House |
| 5:34 | Queue | Villager (Male) |
| 5:34 | Queue | Villager (Male) |
| 5:34 | Queue | Villager (Male) |
| 5:34 | Queue | Villager (Male) |
| 5:35 | Queue | Villager (Male) |
| 6:09 | Build | Lumber Camp |
| 6:22 | Queue | Villager (Male) |
| 6:58 | Build | House |
| 7:11 | Queue | Villager (Male) |
| 7:41 | Queue | Villager (Male) |
| 8:13 | Queue | Villager (Male) |
| 8:51 | Queue | Villager (Male) |
| 9:00 | Build | House |
| 9:14 | Build | House |
| 9:22 | Queue | Villager (Male) |
| 9:22 | Queue | Villager (Male) |
| 9:24 | Build | House |
| 10:04 | Queue | Villager (Male) |
| 10:33 | Build | Mill |
| 10:37 | Queue | Villager (Male) |
| 11:05 | Queue | Villager (Male) |
| 11:09 | Research | Feudal Age |
| 11:09 | Research | Feudal Age |
| 11:56 | Build | Mining Camp |
| 12:45 | Build | House |
| 13:19 | Age | Feudal Age |
| 13:22 | Queue | Villager (Male) |
| 13:32 | Build | Market |
| 13:38 | Build | Blacksmith |
| 13:42 | Queue | Villager (Male) |
| 13:58 | Research | Town Watch |
| 14:26 | Research | Castle Age |
| 14:27 | Research | Castle Age |
| 14:33 | Research | Double-Bit Axe |
| 15:32 | Research | Stone Mining |
| 15:37 | Build | Mining Camp |
| 16:05 | Queue | Villager (Male) |
Build order — Rata Preñadora
37 actions detected in the replay
| 0:49 | Build | Town Center |
| 1:52 | Build | House |
| 2:41 | Queue | Villager (Male) |
| 2:42 | Queue | Villager (Male) |
| 2:44 | Queue | Villager (Male) |
| 2:52 | Queue | Villager (Male) |
| 2:52 | Queue | Villager (Male) |
| 2:52 | Queue | Villager (Male) |
| 2:58 | Research | Loom |
| 2:58 | Queue | Villager (Male) |
| 2:59 | Queue | Villager (Male) |
| 2:59 | Queue | Villager (Male) |
| 2:59 | Queue | Villager (Male) |
| 3:55 | Queue | Villager (Male) |
| 3:56 | Queue | Villager (Male) |
| 4:21 | Queue | Villager (Male) |
| 4:21 | Queue | Villager (Male) |
| 4:55 | Queue | Villager (Male) |
| 4:55 | Queue | Villager (Male) |
| 4:59 | Build | House |
| 5:33 | Queue | Villager (Male) |
| 5:48 | Build | House |
| 5:56 | Queue | Villager (Male) |
| 5:56 | Queue | Villager (Male) |
| 6:41 | Queue | Villager (Male) |
| 6:41 | Queue | Villager (Male) |
| 7:21 | Queue | Villager (Male) |
| 7:21 | Queue | Villager (Male) |
| 7:22 | Queue | Villager (Male) |
| 7:35 | Queue | Villager (Male) |
| 7:35 | Queue | Villager (Male) |
| 8:58 | Build | Town Center |
| 9:39 | Queue | Villager (Male) |
| 9:39 | Queue | Villager (Male) |
| 9:39 | Queue | Villager (Male) |
| 11:34 | Build | Town Center |
| 14:29 | Build | Palisade Gate |
Build order — LMG_HERA DE TEMU
71 actions detected in the replay
| 0:07 | Build | Town Center |
| 2:36 | Queue | Villager (Male) |
| 2:36 | Queue | Villager (Male) |
| 2:37 | Queue | Villager (Male) |
| 2:37 | Queue | Villager (Male) |
| 2:37 | Queue | Villager (Male) |
| 3:37 | Queue | Villager (Male) |
| 3:37 | Queue | Villager (Male) |
| 4:19 | Queue | Villager (Male) |
| 4:20 | Queue | Villager (Male) |
| 4:40 | Queue | Villager (Male) |
| 4:40 | Queue | Villager (Male) |
| 5:19 | Queue | Villager (Male) |
| 5:19 | Queue | Villager (Male) |
| 5:19 | Queue | Villager (Male) |
| 5:29 | Queue | Villager (Male) |
| 5:29 | Queue | Villager (Male) |
| 5:30 | Queue | Villager (Male) |
| 6:01 | Build | Lumber Camp |
| 6:06 | Research | Loom |
| 6:06 | Queue | Villager (Male) |
| 6:06 | Queue | Villager (Male) |
| 7:00 | Queue | Villager (Male) |
| 7:00 | Queue | Villager (Male) |
| 7:00 | Queue | Villager (Male) |
| 7:20 | Queue | Villager (Male) |
| 7:21 | Queue | Villager (Male) |
| 7:54 | Queue | Villager (Male) |
| 7:55 | Queue | Villager (Male) |
| 8:38 | Build | Mill |
| 9:44 | Research | Feudal Age |
| 11:25 | Build | Barracks |
| 11:54 | Age | Feudal Age |
| 11:59 | Queue | Villager (Male) |
| 11:59 | Queue | Villager (Male) |
| 12:00 | Queue | Villager (Male) |
| 12:18 | Build | Stable |
| 12:26 | Research | Double-Bit Axe |
| 12:39 | Queue | Villager (Male) |
| 12:39 | Queue | Villager (Male) |
| 12:48 | Queue | Villager (Male) |
| 12:48 | Queue | Villager (Male) |
| 13:11 | Build | Mill |
| 13:14 | Queue | Villager (Male) |
| 13:15 | Queue | Villager (Male) |
| 13:15 | Queue | Villager (Male) |
| 13:34 | Queue | Scout Cavalry |
| 13:34 | Queue | Scout Cavalry |
| 13:34 | Queue | Scout Cavalry |
| 13:48 | Queue | Villager (Male) |
| 13:48 | Queue | Villager (Male) |
| 14:34 | Build | Palisade Gate |
| 14:40 | Build | Palisade Wall |
| 14:44 | Build | Palisade Wall |
| 14:50 | Queue | Scout Cavalry |
| 14:50 | Queue | Scout Cavalry |
| 15:01 | Queue | Villager (Male) |
| 15:01 | Queue | Villager (Male) |
| 15:35 | Queue | Scout Cavalry |
| 15:36 | Queue | Scout Cavalry |
| 15:44 | Queue | Villager (Male) |
| 15:44 | Queue | Villager (Male) |
| 15:45 | Queue | Villager (Male) |
| 15:51 | Build | Farm |
| 15:52 | Build | Farm |
| 15:52 | Build | Farm |
| 15:52 | Build | Farm |
| 15:53 | Build | Farm |
| 15:53 | Build | Farm |
| 15:58 | Queue | Villager (Male) |
| 15:58 | Queue | Villager (Male) |
Match timeline
| 10:42 | LMG_Leonardo · first_building Barracks |
| 11:25 | LMG_HERA DE TEMU · first_building Barracks |
| 11:38 | LMG_Leonardo · age_up feudal |
| 11:54 | LMG_HERA DE TEMU · age_up feudal |
| 12:00 | Mousa The GREAT · first_building Dock |
| 12:12 | LMG_Leonardo · first_building Stable |
| 12:18 | LMG_HERA DE TEMU · first_building Stable |
| 13:19 | genghis bong · age_up feudal |
| 14:21 | Mousa The GREAT · wall_segment Palisade Wall x1 |
| 14:24 | genghis bong · first_market_sell 100 wood |
| 14:40 | LMG_HERA DE TEMU · wall_segment Palisade Wall x3 |
| 14:44 | LMG_HERA DE TEMU · wall_segment Palisade Wall x3 |
| 15:08 | Mousa The GREAT · wall_segment Palisade Wall x1 |
| 15:09 | Mousa The GREAT · wall_segment Palisade Wall x1 |
| 15:11 | Mousa The GREAT · wall_segment Palisade Wall x1 |
| 15:12 | Mousa The GREAT · wall_segment Palisade Wall x1 |
| 16:17 | LMG_HERA DE TEMU · resign |
[ AI ANALYSIS · 1 CREDIT ]
What really happened in this match?
Wolo.gg analyzes every decision: build order, eco, micro, common mistakes by bracket. Personalized analysis on WhatsApp or Discord in 30 seconds.
Civ guide
Persians
Perfil
LMG_SON SABANDIJAS